 Dungeon Crawl Stone Soup version 0.16.1-28-gcc2312f (webtiles) character file.

32 Rox360 the Skirmisher (level 3, 0/29 HPs)
             Began as a Demonspawn Abyssal Knight on May 24, 2015.
             Was an Initiate of Qazlal.
             Slain by an ogre
             ... wielding a +0 giant club
              (10 damage)
             ... on level 3 of the Dungeon.
             The game lasted 00:06:36 (1780 turns).

Rox360 the Skirmisher (Demonspawn Abyssal Knight)   Turns: 1780, Time: 00:06:37

Health: 0/29       AC:  8    Str: 13    XL:     3   Next: 10%
Magic:  4/4        EV:  6    Int: 19    God:    Qazlal [......]
Gold:   78         SH:  0    Dex: 12    Spells: 0 memorised, 2 levels left

rFire  x . .     SeeInvis .     a - +1 falchion
rCold  . . .     Clarity  .     d - -2 chain mail "Bladgh" {rF- Int+6 Slay+3} (curse)
rNeg   . . .     SustAb   .     (no shield)
rPois  .         Gourm    .     l - +0 helmet (curse)
rElec  .         Spirit   .     (no cloak)
rCorr  .         Warding  .     (no gloves)
rMut   .         Stasis   .     (no boots)
MR     .....                    (no amulet)
Stlth  ..........               (no ring)
                                (no ring)

@: not resistant to hostile enchantments, extremely unstealthy
A: rugged brown scales 1, nightstalker 1
a: Renounce Religion


You were on level 3 of the Dungeon.
You worshipped Qazlal.
Qazlal was noncommittal.
You were not hungry.

You visited 1 branch of the dungeon, and saw 3 of its levels.
You visited the Abyss 1 time.

You collected 78 gold pieces.

Inventory:

Hand weapons
 a - a +1 falchion (weapon)
Missiles
 h - 10 arrows of frost
 p - 11 steel sling bullets
 q - 11 bolts
Armour
 b - a +0 leather armour
 d - the cursed -2 chain mail "Bladgh" (worn) {rF- Int+6 Slay+3}
   (You found it on level 2 of the Abyss)

   It affects your intelligence (+6).
   It affects your accuracy and damage with ranged weapons and melee attacks
   (+3).
   It makes you vulnerable to fire.
   It has a curse placed upon it.
 l - a cursed +0 helmet (worn)
Scrolls
 f - 2 scrolls of remove curse {unknown}
 g - a scroll of recharging {unknown}
 j - 2 scrolls of identify {unknown}
 m - a scroll of teleportation {unknown}
 n - 2 scrolls of random uselessness {unknown}
Potions
 e - a potion of restore abilities {unknown}
 i - a potion of brilliance {unknown}
Comestibles
 c - 2 bread rations
 k - a beef jerky


   Skills:
 + Level 3.6 Fighting
 + Level 2.0 Long Blades
 + Level 2.1 Armour
 + Level 1.0 Dodging
 + Level 0.2 Stealth
 + Level 2.8 Invocations


You had 2 spell levels left.
You didn't know any spells.

Dungeon Overview and Level Annotations

Branches:
Dungeon (3/15)

Altars:
Qazlal


Innate Abilities, Weirdness & Mutations

You are partially covered in rugged brown scales (AC +1, +3% HP).
You are slightly more attuned to the shadows.


Message History

Found 10 gold pieces.
An ogre comes into view. It is wielding a giant club.
The ogre shouts!
Found a royal jelly.
The ogre hits you with a giant club.
Your chain mail "Bladgh" prevents you from hitting the ogre.
The ogre barely misses you.
You hit the ogre.
The ogre is lightly wounded.
You hit the ogre.
The ogre is moderately wounded.
The ogre hits you with a giant club!
Ouch! That really hurt!
You hit the ogre.
The ogre is heavily wounded.
The ogre barely misses you.
You hit the ogre but do no damage.
The ogre is heavily wounded.
The ogre hits you with a giant club!
You die...

#........(# #.#######.#
#.#...# #.# #.....#
#.#### ###<#####.#...
#.............#...
###...............
#%#####.#############...
.....$O@............>...
#.......##.#.#######....
#########.#.# #....
..... #.... #####.#
#.... .. #.#.# .# #.#.#
. #.#_# #.#.#


You could see an ogre.

Vanquished Creatures
  An adder (D:2)
  An ooze (D:3)
  2 giant cockroaches
  2 goblins
  2 hobgoblins
  3 jackals (D:1)
  4 kobolds
  6 bats
  A rat (D:2)
22 creatures vanquished.

Notes
Turn   | Place    | Note
--------------------------------------------------------------
     0 | Abyss:1  | Rox360, the Demonspawn Abyssal Knight, began the quest for the Orb.
     0 | Abyss:1  | Reached XP level 1. HP: 18/18 MP: 1/1
    40 | Abyss:2  | Got a crude chain mail
    51 | Abyss:2  | Identified the cursed -2 chain mail "Bladgh" {rF- Int+6 Slay+3} (You found it on level 2 of the Abyss)
    95 | D:1      | Escaped the Abyss
   595 | D:1      | Reached skill level 1 in Dodging
   635 | D:1      | Acquired Lugonu's first power
   635 | D:1      | Gained mutation: You are partially covered in rugged brown scales (AC +1, +3% HP). [demonic ancestry]
   635 | D:1      | Reached XP level 2. HP: 17/24 MP: 2/2
   871 | D:2      | HP: 1/24 [poisoned by an adder]
  1482 | D:2      | Gained mutation: You are slightly more attuned to the shadows. [demonic ancestry]
  1482 | D:2      | Reached XP level 3. HP: 29/29 MP: 4/4
  1727 | D:3      | Found a stormy altar of Qazlal.
  1742 | D:3      | Fell from the grace of Lugonu
  1742 | D:3      | Became a worshipper of Qazlal Stormbringer
  1772 | D:3      | Noticed an ogre
  1780 | D:3      | Slain by an ogre

Action                   || total
-------------------------++-------
Melee: Falchion          ||    83
Invok: Depart the Abyss  ||     1
  Eat: Meat ration       ||     1
